[Event "II Llinars Open 2022"]
[Site "Llinars del Valles"]
[Date "2022.07.02"]
[Round "8.8"]
[White "Sanchez Aguilar, Arnau"]
[Black "Jove Albaiges, Guillem"]
[Result "1-0"]
[ECO "B22"]
[WhiteElo "2028"]
[BlackElo "1876"]
[Annotator "NA RC"]
[PlyCount "105"]
[EventDate "2022.06.24"]
[EventType "swiss"]
[EventCountry "ESP"]
[SourceTitle "playchess.com"]
[Source "ChessBase"]
[SourceQuality "1"]
[TimeControl "5400+30"]

1. e4 c5 2. c3 d5 3. exd5 Qxd5 4. d4 cxd4 5. cxd4 e5 6. Nf3 Nc6 7. Nc3 Bb4 8. Be3 e4 9. Nd2 Bxc3 10. bxc3 Nf6 11. Bc4 Qf5 12. f3 exf3 13. Qxf3 O-O 14. O-O Qg6 15. h3 Bd7 16. Bf4 Na5 17. Bd6 Rfc8 18. Bd3 Qg5 19. Ne4 Nxe4 20. Qxf7+ Kh8 21. Bxe4 Qe3+ 22. Kh2 Qxe4 23. Qxd7 Nc4 24. Rf7 Rd8 25. Raf1 Qd5 26. Qxd8+ Rxd8 27. Rf8+ Qg8 28. Rxd8 Qxd8 29. Rf8+ Qxf8 30. Bxf8 Kg8 31. Be7 Kf7 32. Bh4 Ke6 33. Kg1 Kd5 34. Kf2 Nd6 35. Ke2 Kc4 36. Be1 b5 37. Ke3 a5 38. g4 g6 39. Bg3 Nf7 40. Be1 Kd5 41. Kd3 Nd6 42. Bd2 Ne4 43. a4 Nf2+ 44. Ke2 bxa4 45. Kxf2 a3 46. Bc1 a2 47. Bb2 Kc4 48. Ba1 Kb3 49. d5 Kc2 50. d6 Kb1 51. d7 Kxa1 52. d8=Q Kb2 53. Qxa5 1-0

[Event "II Llinars Open 2022"]
[Site "Llinars del Valles"]
[Date "2022.07.03"]
[Round "9.1"]
[White "Garcia Ramos, Daniel"]
[Black "Munoz, Miguel"]
[Result "0-1"]
[ECO "B32"]
[WhiteElo "2441"]
[BlackElo "2421"]
[Annotator "TA"]
[PlyCount "60"]
[EventDate "2022.06.24"]
[EventType "swiss"]
[EventCountry "ESP"]
[SourceTitle "playchess.com"]
[Source "ChessBase"]
[SourceQuality "1"]
[TimeControl "5400+30"]

1. e4 c5 2. Nf3 Nc6 3. d4 cxd4 4. Nxd4 e5 5. Nb5 d6 6. c4 Be7 {[%emt 0:00:56] 6...Be6 is the hot move.} 7. Be2 a6 8. N5c3 Bg5 {[%emt 0:00:50] B32: Sicilian: Löwenthal and Kalashnikov Variations.} 9. Nd2 Nge7 10. O-O O-O {[%emt 0:01:33] The position is equal.} 11. Nb3 Bxc1 12. Rxc1 Be6 13. Qd2 {[%emt 0:01:06] [#]} Qd7 $146 ({Predecessor:} 13... Qb8 14. Rfd1 Rd8 15. Nd5 b5 16. c5 Nc8 17. Qg5 h6 18. Qh4 a5 19. cxd6 Rxd6 {1-0 (41) Stanojoski,Z (2434)-Amdouni,Z (2305) Monastir 2012}) 14. Rfd1 Rad8 15. Nd5 f5 16. c5 (16. f3 {keeps more tension.} fxe4 17. fxe4 Bg4 18. Rf1) 16... fxe4 17. Nxe7+ Qxe7 18. cxd6 Qf6 19. Bxa6 Bg4 20. Qd5+ ({Much worse is} 20. Bxb7 Bxd1 21. Rxc6 (21. Rxd1 $2 Rxd6 22. Rf1 Rxd2 $19) 21... Bxb3 22. axb3 Rf7 $15) (20. Re1 $11 {keeps the balance.}) 20... Kh8 $1 $17 {[%emt 0:01:47][%mdl 1024] Black has strong compensation.} 21. Rd2 Qg5 22. h4 (22. Bxb7 $2 Bf3 $1 23. g3 e3 $19) 22... Qg6 23. Bf1 {[%emt 0:05:52] [#]} ({But not} 23. Bxb7 $2 Bf3 $1 24. g3 e3 $19) (23. Be2 $17 {is the only way for White.} Bh3 24. Bf1) 23... Bf3 $1 $19 24. Qb5 $2 {[%emt 0:10:00] [#]} (24. Rdc2 Nb4 25. Qxe5 (25. h5 $2 Bxh5 26. Qd2 Nxc2 $19)) 24... Rf4 $1 25. Rc3 (25. Rxc6 $142 bxc6 26. Qxe5) 25... Rxh4 26. Rxf3 exf3 27. g3 Rh5 {[%emt 0:02:37] ( -> ...Qh6)} 28. Qd3 e4 29. Qe3 Ne5 30. Qb6 Rg8 {[%emt 0:01:43] Weighted Error Value: White=0.74/Black=0.01 (flawless)} 0-1

[Event "II Llinars Open 2022"]
[Site "Llinars del Valles"]
[Date "2022.07.03"]
[Round "9.2"]
[White "Jimenez Ruano, Adrian"]
[Black "Ayats Llobera, Gerard"]
[Result "0-1"]
[ECO "E14"]
[WhiteElo "2263"]
[BlackElo "2423"]
[Annotator "TA"]
[PlyCount "82"]
[EventDate "2022.06.24"]
[EventType "swiss"]
[EventCountry "ESP"]
[SourceTitle "playchess.com"]
[Source "ChessBase"]
[SourceQuality "1"]
[TimeControl "5400+30"]

1. d4 Nf6 2. c4 e6 3. Nf3 b6 4. e3 Bb7 5. Be2 d5 6. Nbd2 {[%emt 0:02:23] E14: Queen's Indian: Classical Variation (4 e3).} Bd6 7. b3 O-O 8. Bb2 {[%emt 0:00:10] [#] The position is equal.} a5 $146 ({Predecessor:} 8... Nbd7 9. O-O Ne4 10. Nxe4 dxe4 11. Ne5 Bxe5 12. dxe5 Qe7 13. f4 exf3 14. Bxf3 Bxf3 15. Qxf3 {½-½ (39) Grachev,B (2621)-Sakaev,K (2584) Yaroslavl 2019}) 9. a3 Qe7 10. O-O Na6 11. Qc2 Rac8 12. Bd3 c5 13. e4 dxe4 14. Nxe4 Bxe4 (14... Nxe4 {is more complex.} 15. Bxe4 Bxe4 16. Qxe4 cxd4 17. Nxd4 Nc5) 15. Bxe4 cxd4 16. Nxd4 Nxe4 17. Qxe4 Nc5 18. Qe3 Qf6 19. Rab1 Qg6 20. Nb5 Be7 21. Bd4 h6 22. Na7 Rc7 23. Nb5 Rd7 24. b4 axb4 25. axb4 Nd3 26. Bxb6 Nxb4 27. Rbd1 Rxd1 28. Rxd1 Rc8 29. c5 (29. Qe2 $11 {remains equal.}) 29... Nd5 $40 {[%emt 0:00:21][%mdl 128] Black attacks with force.} 30. Qd4 (30. Qd2 $17) 30... Qc2 31. Na3 $2 {[%emt 0:10:02][%mdl 8192] [#] Loses the game.} (31. Qa1 $17 {is more resistant.}) 31... Qe2 32. Nb1 Nxb6 33. cxb6 Rd8 34. Qxd8+ Bxd8 35. Nc3 {[%emt 0:00:01] [#]} Qe5 $1 36. Rxd8+ $19 {[%emt 0:00:08][%mdl 4096] Endgame KQ-KRN} Kh7 37. g3 Qxc3 38. Rb8 Qc1+ 39. Kg2 Qc6+ 40. f3 Qc2+ 41. Kh3 Qf2 {[%emt 0:00:15] Weighted Error Value: White=0.79/Black=0.07 (flawless)} 0-1

[Event "II Llinars Open 2022"]
[Site "Llinars del Valles"]
[Date "2022.07.03"]
[Round "9.3"]
[White "Narciso Dublan, Marc"]
[Black "Segura Marsa, Andres"]
[Result "1-0"]
[ECO "B23"]
[WhiteElo "2464"]
[BlackElo "1862"]
[Annotator "TA"]
[PlyCount "45"]
[EventDate "2022.06.24"]
[EventType "swiss"]
[EventCountry "ESP"]
[SourceTitle "playchess.com"]
[Source "ChessBase"]
[SourceQuality "1"]
[TimeControl "5400+30"]

1. e4 c5 2. Nc3 g6 3. Bc4 Nc6 4. d3 Bg7 5. a3 e6 6. Ba2 {[%emt 0:00:53] [#] B23: Closed Sicilian: Lines without g3.} Rb8 $146 ({Predecessor:} 6... Nge7 7. h4 h5 8. Bg5 a6 9. Qd2 b5 10. Nf3 Bb7 11. O-O d6 12. Rae1 Qd7 {0-1 (32) Cornette,M (2583)-Bellahcene,B (2528) Cap d'Agde 2021}) 7. Nf3 d6 8. O-O $1 {[%emt 0:01:26] The position is equal.} Nge7 9. Ne2 O-O 10. c3 b5 11. Bg5 Qd7 12. d4 cxd4 13. cxd4 b4 14. Qd2 Ba6 15. Rfe1 Bxe2 16. Rxe2 bxa3 17. bxa3 Rfc8 18. Rd1 Rc7 (18... d5 $11) 19. h4 ({White should play} 19. d5 $16 Nd8 20. Bxe7 Qxe7 21. e5) 19... d5 (19... Nd8 $14) 20. Bf4 $16 dxe4 21. Rxe4 e5 (21... Rd8 $16 {is a better defense.}) 22. dxe5 $18 Qf5 {[%emt 0:05:45] [#]} (22... Qxd2 23. Rxd2 Rcb7) 23. e6 $1 {[%emt 0:07:41] Weighted Error Value: White=0.08 (flawless) /Black=0.44} 1-0

[Event "II Llinars Open 2022"]
[Site "Llinars del Valles"]
[Date "2022.07.03"]
[Round "9.4"]
[White "Valenzuela Gomez, Fernando"]
[Black "Uber Gracia, Hugo"]
[Result "1-0"]
[ECO "B12"]
[WhiteElo "2373"]
[BlackElo "1915"]
[Annotator "TA"]
[PlyCount "61"]
[EventDate "2022.06.24"]
[EventType "swiss"]
[EventCountry "ESP"]
[SourceTitle "playchess.com"]
[Source "ChessBase"]
[SourceQuality "1"]
[TimeControl "5400+30"]

1. e4 c6 2. d4 d5 3. e5 Bf5 4. Nd2 e6 5. Nb3 Nd7 6. Nf3 Ne7 {[%emt 0:02:12] B12: Caro-Kann: Advance Variation.} 7. Be2 Bg6 8. O-O Nf5 {[%emt 0:01:42] The position is equal.} 9. Bd2 Be7 10. g4 Nh4 11. Nxh4 Bxh4 12. f4 {[%emt 0:00:02] And now f5 would win.} Be4 13. Bf3 {[%emt 0:02:35] Bxe4 is the strong threat.} Bxf3 14. Qxf3 Be7 15. f5 O-O 16. Kh1 {[%emt 0:22:30] [#]} Bg5 $146 (16... a5 $11) ({Predecessor:} 16... a5 17. a4 c5 18. g5 exf5 19. Qxf5 Ra6 20. Bxa5 Qc8 21. Bc3 cxd4 22. Nxd4 g6 {½-½ (43) Lindh,S (2520)-Trumpf,W (2406) ICCF email 2009}) 17. Bb4 $14 Be7 (17... Re8 $1 $14) 18. Bxe7 $1 $16 {[%emt 0:00:10] White is much more active. The black rooks are badly placed.} Qxe7 19. f6 $1 $36 {[%emt 0:00:05][%mdl 2048] Keeping Black busy.} Qd8 (19... gxf6 $16 20. exf6 Qe8) 20. fxg7 $2 (20. g5 $1 $18) 20... Kxg7 {[%emt 0:01:33] [#]} 21. g5 $1 Qe7 $2 (21... Kh8 $16) 22. Qh5 $18 Rh8 $2 {[%emt 0:04:27] [#]} (22... c5 {keeps fighting.} 23. Rf3 (23. Nxc5 Nxc5 24. dxc5 Qxc5 $11) 23... cxd4 24. Qh6+ (24. Nxd4 Rh8 $18) 24... Kh8) 23. Rf6 $1 {[%emt 0:03:37][%mdl 512] Strongly threatening Raf1.} Kf8 {[%emt 0:03:41] [#]} (23... Nf8 24. Raf1) 24. Rf4 $2 (24. Nc5 $1) 24... Kg7 $2 (24... Rg8 25. Rg1 (25. Qxh7 f5 $16) 25... c5 26. Qh6+ Ke8 27. Qxh7 Rf8) 25. Raf1 Raf8 26. Qh6+ Kg8 27. Qh5 Kg7 $1 28. Nc1 {[%emt 0:01:01] White is clearly winning.} c5 29. c3 b5 30. Ne2 {[%emt 0:00:26] Threatens to win with Qh6+.} b4 31. Ng3 {[%emt 0:00:06] Weighted Error Value: White=0.66/Black=0.77} (31. Qh6+ $142 Kg8 32. cxb4) 1-0

[Event "II Llinars Open 2022"]
[Site "Llinars del Valles"]
[Date "2022.07.03"]
[Round "9.5"]
[White "Parra Ordorica, Gorka"]
[Black "Prats Safont, Sergi"]
[Result "1/2-1/2"]
[ECO "E15"]
[WhiteElo "1777"]
[BlackElo "2206"]
[Annotator "RC"]
[PlyCount "152"]
[EventDate "2022.06.24"]
[EventType "swiss"]
[EventCountry "ESP"]
[SourceTitle "playchess.com"]
[Source "ChessBase"]
[SourceQuality "1"]
[TimeControl "5400+30"]

1. d4 Nf6 2. c4 b6 3. Nf3 e6 4. g3 Ba6 5. Qc2 Bb7 6. Bg2 c5 7. O-O cxd4 8. Rd1 Qc8 9. Nxd4 Bxg2 10. Kxg2 Be7 11. Bf4 a6 12. e4 Qb7 13. Nc3 O-O 14. Nf3 Qc6 15. Qe2 d6 16. Rd2 Ra7 17. Rad1 Rd7 18. Kg1 e5 19. Bxe5 dxe5 20. Nxe5 Qc7 21. Nxd7 Nbxd7 22. Nd5 Nxd5 23. cxd5 Qb7 24. e5 Bc5 25. Kf1 Re8 26. f4 Nf8 27. a3 a5 28. Qb5 Qc8 29. Kg2 Rd8 30. b4 axb4 31. axb4 Be3 32. Re2 Bc1 33. Qc6 Qg4 34. Kf2 Rc8 35. e6 Rxc6 36. dxc6 fxe6 37. c7 e5 38. Rd8 exf4 39. c8=Q Be3+ 40. Ke1 Qxc8 41. Rxc8 Kf7 42. gxf4 Bxf4 43. Rf2 g5 44. Rc7+ Ke6 45. Rc6+ Kd5 46. b5 Nd7 47. Rfc2 h5 48. R2c3 Ke4 49. h3 g4 50. hxg4 hxg4 51. Kf2 Be5 52. Rc2 Bd4+ 53. Kg3 Ne5 54. Rc8 Kd5 55. Rd2 Ke4 56. Rb8 Nc4 57. Re8+ Be5+ 58. Rxe5+ Nxe5 59. Rd6 Nc4 60. Rd8 Ne5 61. Rb8 Nc4 62. Kxg4 Kd5 63. Rc8 Nd6 64. Rc6 Nxb5 65. Rxb6 Nd4 66. Ra6 Ke5 67. Ra5+ Ke4 68. Kg5 Nc6 69. Rc5 Ne5 70. Ra5 Nc6 71. Ra8 Nd4 72. Kf6 Kd5 73. Ra5+ Ke4 74. Re5+ Kd3 75. Re1 Kc4 76. Ke5 Nf3+ 1/2-1/2

[Event "II Llinars Open 2022"]
[Site "Llinars del Valles"]
[Date "2022.07.03"]
[Round "9.6"]
[White "Juncosa Padros, Ernest"]
[Black "Fanninger, Leon"]
[Result "0-1"]
[ECO "A21"]
[WhiteElo "1877"]
[BlackElo "2157"]
[Annotator "RC"]
[PlyCount "108"]
[EventDate "2022.06.24"]
[EventType "swiss"]
[EventCountry "ESP"]
[SourceTitle "playchess.com"]
[Source "ChessBase"]
[SourceQuality "1"]
[TimeControl "5400+30"]

1. d4 d6 2. c4 e5 3. Nc3 exd4 4. Qxd4 Nc6 5. Qd2 Nf6 6. b3 g6 7. Bb2 Bg7 8. Nf3 O-O 9. g3 a5 10. Bg2 Nd7 11. Na4 Nde5 12. Nd4 Bd7 13. Nxc6 Bxc6 14. Bxc6 bxc6 15. O-O-O Nd7 16. Bxg7 Kxg7 17. e4 Qf6 18. Qd4 Qxd4 19. Rxd4 Rae8 20. f3 f5 21. exf5 Rxf5 22. f4 Rf6 23. Rhd1 Rfe6 24. Kc2 Nf6 25. Nc3 Ng4 26. R1d2 Ne3+ 27. Kd3 Nf1 28. Rf2 Re3+ 29. Kc2 Re1 30. Rd3 Ne3+ 31. Kd2 Nf1+ 32. Kc2 Kf6 33. h3 Ne3+ 34. Kd2 Nf5 35. Re2 R1xe2+ 36. Nxe2 h5 37. Nd4 Nxd4 38. Rxd4 Kf5 39. a3 Re4 40. Rd3 h4 41. Rf3 hxg3 42. Rxg3 Rxf4 43. Kd3 c5 44. Re3 Rh4 45. Ke2 Re4 46. Kf3 Rxe3+ 47. Kxe3 Kg5 48. Kf3 Kh4 49. Kf4 Kxh3 50. Kg5 Kg3 51. Kxg6 Kf4 52. Kf6 Ke4 53. Ke6 Kd4 54. Kd7 Kc3 0-1

[Event "II Llinars Open 2022"]
[Site "Llinars del Valles"]
[Date "2022.07.03"]
[Round "9.7"]
[White "Diaz Perez, Michel Alejandro"]
[Black "Sanchez Aguilar, Arnau"]
[Result "1/2-1/2"]
[ECO "A03"]
[WhiteElo "2439"]
[BlackElo "2028"]
[Annotator "TA"]
[PlyCount "258"]
[EventDate "2022.06.24"]
[EventType "swiss"]
[EventCountry "ESP"]
[SourceTitle "playchess.com"]
[Source "ChessBase"]
[SourceQuality "1"]
[TimeControl "5400+30"]

1. f4 d5 2. Nf3 Nf6 3. g3 g6 4. Bg2 Bg7 5. d3 c5 6. O-O O-O 7. c3 Nc6 8. a4 Qd6 9. Na3 a6 10. Qe1 e5 11. e4 dxe4 12. dxe4 Be6 13. Qe2 (13. f5 $5 gxf5 14. exf5 $11) 13... Rfd8 14. fxe5 Nxe5 15. Nxe5 Qxe5 16. Bf4 (16. Nc4 $5 Bg4 17. Qf2 $14) 16... Qh5 17. Qxh5 Nxh5 18. Bg5 Rd3 19. Rad1 Rxd1 20. Rxd1 Rb8 21. a5 Be5 22. Be7 Rc8 23. Bf3 Nf6 24. Bd6 (24. Bxf6 $11 Bxf6 25. e5) 24... Nd7 $1 $15 25. Bxe5 Nxe5 26. Be2 Nc6 27. Bc4 Bg4 28. Rf1 (28. Rd6 $1 $11) 28... Rc7 $15 29. Rf4 h5 30. Bd5 Nxa5 31. Rf6 Kg7 32. Rb6 $1 Bd7 33. b4 cxb4 34. cxb4 Nc6 35. Nc4 Nd8 (35... Ne7 $5 36. Ne5 Bc6 37. Bxc6 Nxc6 38. Nxc6 Rxc6 39. Rxb7 Re6 $17) 36. Ne5 Be6 37. Rd6 Rc8 38. Nd3 Kf8 39. Nc5 Ke7 (39... a5 $17 40. Bxe6 fxe6) 40. Rb6 $1 $15 a5 41. Bxe6 fxe6 42. Nd3 $2 (42. Nxb7 $17 axb4 43. Nxd8 Rxd8 44. Rxb4) 42... axb4 $2 (42... a4 $19 43. Rb5 Rc3) 43. Rxb4 $15 Rc7 44. Nf4 Kf6 45. Rb6 Nc6 (45... Rc1+ $15 46. Kf2 Rc2+ 47. Ne2 Ra2) 46. Kf2 $11 Rd7 47. Ke3 Kf7 48. Rb5 Kf6 49. h4 ({White should play} 49. Rb6 $11) 49... Ne5 $15 50. Rb4 Ng4+ (50... Rc7 $17) 51. Ke2 $1 $15 Ne5 52. Rb6 Nc6 53. Ke3 Re7 54. Ke2 Kg7 55. Ke3 Kh6 56. Rb5 e5 57. Nd3 g5 58. hxg5+ Kxg5 59. Kf2 Kf6 60. Ke3 Kg5 61. Kf2 Kf6 62. Ke3 Nd8 63. Nc5 Kg5 64. Nd3 Kg4 65. Kf2 Nf7 66. Rb6 Ng5 67. Rg6 h4 68. gxh4 Kxh4 69. Ke3 Kh5 70. Rb6 Nf7 71. Rb5 Kg5 72. Kf3 Kf6 73. Rb6+ Kg7 74. Nc5 Nd8 75. Ke3 Kf7 76. Nd3 Re6 77. Rb5 Kf6 78. Nc5 Re7 79. Nd3 Re8 80. Nc5 Re7 81. Nd3 Nf7 82. Nc5 Rc7 83. Nxb7 Rc3+ 84. Kd2 Rc4 85. Ke3 Rc6 86. Nc5 Nd6 87. Nd7+ Ke7 88. Rxe5+ Kxd7 89. Rh5 Rc3+ 90. Kf4 Rc4 91. Re5 Nf7 92. Ra5 Ke6 93. Kf3 Rb4 94. Ke3 Nd6 95. Ra6 Rxe4+ 96. Kd3 Re5 97. Kd4 Rd5+ 98. Ke3 Ke5 99. Ra8 Rb5 100. Rh8 Rb3+ 101. Ke2 Ne4 102. Re8+ Kd5 103. Rd8+ Nd6 104. Rh8 Kd4 105. Rd8 Re3+ 106. Kf2 Re6 107. Kf3 Rf6+ 108. Ke2 Ke4 109. Ra8 Nb5 110. Re8+ Kd4 111. Rd8+ Nd6 112. Rd7 Ke4 113. Re7+ Kf4 114. Kd3 Rh6 115. Rd7 Rh1 116. Ke2 Nf5 117. Ra7 Ke4 118. Kd2 Rh3 119. Ra4+ Nd4 120. Ra8 Rd3+ 121. Kc1 Rc3+ 122. Kb2 Rb3+ 123. Ka2 Rb7 124. Re8+ Kd3 125. Rc8 Ne2 126. Ka3 Nc3 127. Rd8+ Kc2 (127... Ke4 $15) 128. Rd2+ $1 $11 Kb1 129. Rb2+ Rxb2 1/2-1/2

[Event "II Llinars Open 2022"]
[Site "Llinars del Valles"]
[Date "2022.07.03"]
[Round "9.8"]
[White "Paniagua Garcia, Jose Manuel"]
[Black "Casares Bonals, Asier"]
[Result "1-0"]
[ECO "B50"]
[WhiteElo "2082"]
[BlackElo "1741"]
[Annotator "NA RC"]
[PlyCount "65"]
[EventDate "2022.06.24"]
[EventType "swiss"]
[EventCountry "ESP"]
[SourceTitle "playchess.com"]
[Source "ChessBase"]
[SourceQuality "1"]
[TimeControl "5400+30"]

1. e4 c5 2. Nf3 d6 3. Nc3 Nf6 4. Bb5+ Bd7 5. Qe2 a6 6. Bxd7+ Qxd7 7. Nd5 Qd8 8. O-O Nbd7 9. c4 e6 10. Nc3 Be7 11. b3 O-O 12. Bb2 Rc8 13. Rad1 Qa5 14. d3 b5 15. Qc2 Nb6 16. Rfe1 Rfd8 17. Nb1 Na8 18. Nbd2 Nd7 19. e5 d5 20. h4 Nb8 21. cxd5 Rxd5 22. Ne4 Rdd8 23. Nf6+ Kh8 24. Ng5 Rf8 25. d4 g6 26. Ngxh7 cxd4 27. Qe4 Rfd8 28. Ng5 Kg7 29. h5 Nc7 30. Nxf7 Bxf6 31. Qxg6+ Kf8 32. exf6 Qb4 33. Nxd8 1-0